 Dungeon Crawl Stone Soup version 0.27.0-66-gdc8fb28755 (webtiles) character file.

Game seed: 2648847039989698299

110 hawla the Grave Robber (level 4, -6/37 HPs)
             Began as a Deep Elf Necromancer on Aug 19, 2021.
             Mangled by an ogre (14 damage)
             ... on level 3 of the Dungeon.
             The game lasted 00:06:19 (2635 turns).

hawla the Grave Robber (Deep Elf Necromancer)       Turns: 2635, Time: 00:06:20

Health: -6/37      AC: 22    Str:  5    XL:     4   Next: 61%
Magic:  0/12       EV:  2    Int: 21    God:
Gold:   91         SH:  0    Dex: 15    Spells: 3/11 levels left

rFire    . . .     SeeInvis .   (no weapon)
rCold    . . .     Faith    .   (no shield)
rNeg     + + +     Spirit   .   (armour currently unavailable)
rPois    +         Reflect  .   (helmet currently unavailable)
rElec    .         Harm     .   (cloak currently unavailable)
rCorr    .         Rampage  .   (gloves currently unavailable)
Will     .....     NoTele   +   (boots currently unavailable)
Stlth    ++........             (no amulet)
HPRegen  0.12/turn              (no ring)
MPRegen  0.13/turn              (no ring)

@: tree-form
A: stationary, stasis, torment immunity, boosted hp
a: no special abilities


You were on level 3 of the Dungeon.
You were a tree.
You visited 1 branch of the dungeon, and saw 3 of its levels.

You collected 91 gold pieces.

Inventory:

Missiles
 i - 4 atropa-tipped darts (quivered)
 j - 10 poisoned darts
Armour
 a - a +0 robe (melded)
 e - a +0 helmet (melded)
Jewellery
 d - a +6 ring of dexterity
Scrolls
 c - a scroll of teleportation
Potions
 b - a potion of flight
 g - a potion of heal wounds {unknown}
 k - a potion of degeneration {unknown}
 l - a potion of brilliance {unknown}


   Skills:
 + Level 1.5 Fighting
 - Level 3.0 Dodging
 - Level 3.0 Stealth
 - Level 4.0 Spellcasting
 + Level 5.3 Necromancy
 + Level 1.9 Earth Magic


You had 3 spell levels left.
You knew the following spells:

 Your Spells              Type           Power      Damage    Failure   Level
a - Pain                  Necr           100%       1d9       1%          1
b - Vampiric Draining     Necr           13%        2d7       4%          3
c - Animate Dead          Necr           13%        N/A       14%         4

Your spell library contained the following spells:

 Spells                   Type           Power      Damage    Failure   Level
 Animate Skeleton         Necr           52%        N/A       1%          1
 Agony                    Necr           26%        N/A       36%         5


Dungeon Overview and Level Annotations

Branches:
Dungeon (3/15)

Altars:

Shops:
D:1 ([


Message History

Confirm with . or Enter, or press ? or * to list all spells.
Aiming: Pain (safe; 1% risk of failure)
Press: ? - help, Shift-Dir - straight line, f - ogre
Aim: an ogre, wielding a +0 giant club (chance to affect: 84%)
The ogre writhes in agony!
Casting: Pain (safe; 1% risk of failure)
Confirm with . or Enter, or press ? or * to list all spells.
The spell is quite dangerous to cast (4% risk of failure)!
Continue anyway?
Aiming: Vampiric Draining (quite dangerous; 4% risk of failure)
Press: ? - help, Shift-Dir - straight line, f/p - ogre
Aim: an ogre, wielding a +0 giant club (moderately wounded)
You draw life force from the ogre.
You feel life coursing into your body. The ogre closely misses you.
Casting: Vampiric Draining (quite dangerous; 4% risk of failure)
Confirm with . or Enter, or press ? or * to list all spells.
The spell is quite dangerous to cast (4% risk of failure)!
Continue anyway?
Aiming: Vampiric Draining (quite dangerous; 4% risk of failure)
Press: ? - help, Shift-Dir - straight line, f/p - ogre
Aim: an ogre, wielding a +0 giant club (heavily wounded)
You draw life force from the ogre!
The ogre closely misses you.
Casting: Vampiric Draining (quite dangerous; 4% risk of failure)
Confirm with . or Enter, or press ? or * to list all spells.
The spell is quite dangerous to cast (4% risk of failure)!
Continue anyway?
Aiming: Vampiric Draining (quite dangerous; 4% risk of failure)
Press: ? - help, Shift-Dir - straight line, f/p - ogre
Aim: an ogre, wielding a +0 giant club (severely wounded)
You draw life force from the ogre.
Casting: Vampiric Draining (quite dangerous; 4% risk of failure)
Confirm with . or Enter, or press ? or * to list all spells.
Aiming: Pain (safe; 1% risk of failure)
Press: ? - help, Shift-Dir - straight line, f/p - ogre
Aim: an ogre, wielding a +0 giant club (almost dead, chance to affect: 84%)
The ogre barely resists.
The ogre hits you with a +0 giant club!!
Ouch! That really hurt!
* * * LOW HITPOINT WARNING * * *
It was a potion of lignification.
You turn into a tree.
Your +0 helmet melds into your body.
Your +0 robe melds into your body.
Your roots penetrate the ground.
The ogre hits you with a +0 giant club!
You die...

## ... ....
.....
......##########
.......♣O....<..
......###.#.....
..... .# ###
.... .# ### ..
#O #. .


You could see an ogre.

Vanquished Creatures
  Jessica (D:2)
  2 adders (D:2)
  A gnoll (D:2)
  A worm (D:2)
  2 dart slugs (D:1)
  6 ball pythons
  8 endoplasms
  2 giant cockroaches
  3 goblins (D:1)
  3 hobgoblins
  7 kobolds
  A quokka (D:2)
  5 bats
  2 frilled lizards
  5 rats
49 creatures vanquished.

Notes
Turn   | Place    | Note
-------+----------+-------------------------------------------
     0 | D:1      | hawla the Deep Elf Necromancer began the quest for the Orb.
     0 | D:1      | Reached XP level 1. HP: 10/10 MP: 6/6
   307 | D:1      | Found Fodum's Antique Armour Shop.
   316 | D:1      | Reached XP level 2. HP: 11/15 MP: 5/8
   318 | D:1      | Reached skill level 5 in Necromancy
   911 | D:1      | Found Vob Pex's Weapon Shoppe.
   918 | D:1      | Reached skill level 1 in Earth Magic
   918 | D:1      | Reached XP level 3. HP: 16/20 MP: 4/9
   922 | D:1      | Learned a level 3 spell: Vampiric Draining
  1001 | D:1      | Found a faded altar of an unknown god.
  1515 | D:2      | Reached skill level 1 in Fighting
  2128 | D:2      | Reached XP level 4. HP: 25/25 MP: 6/12
  2133 | D:2      | Learned a level 4 spell: Animate Dead
  2477 | D:2      | Noticed Jessica
  2483 | D:2      | Killed Jessica
  2625 | D:3      | Noticed an ogre
  2635 | D:3      | Mangled by an ogre

Illustrated notes

Levels and vault maps discovered:
D:1:      lightli_molten_gateway, layout_rooms, ebering_ecumenical_altar_hall,
          serial_shops, shop, nicolae_diamond_shop, nrook_campfire,
          minmay_close_crescents
D:2:      minmay_evil_eye, layout_loops_cross, minivault_23,
          minmay_misc_feat_ornament, kennysheep_generic_room_5, uniq_jessica
D:3:      layout_rooms, fiery_altar_vehumet, general_overflow_altar

Skill      XL: |  1  2  3 |
---------------+----------+-----
Necromancy     | 5 |  5.3
Earth Magic    | 1 |  1.9
Stealth        | 3 |  3.0
Dodging        | 3 |  3.0
Fighting       | 1 |  1.5
Spellcasting   | 4 |  4.0

Action                   |  1- 3 |  4- 6 || total
-------------------------+-------+-------++-------
Melee: Unarmed           |     1 |       ||     1
 Cast: Pain              |    70 |    18 ||    88
       Vampiric Draining |     4 |     4 ||     8
  Use: Scroll            |     2 |     1 ||     3
       Potion            |       |     1 ||     1
Armor: Robe              |     3 |       ||     3
Dodge: Dodged            |    10 |    11 ||    21
